 Dungeon Crawl Stone Soup version 0.30.1-3-gfc49f6343a (webtiles) character file.

Game seed: 12585391863833412033

19922 Pepete the Destroyer (level 12, -16/74 HPs)
             Began as a Demonspawn Fire Elementalist on July 20, 2023.
             Was an Elder of Vehumet.
             Killed from afar by a gargoyle (21 damage)
             ... with a stone arrow
             ... on level 11 of the Dungeon.
             The game lasted 01:01:30 (38463 turns).

Pepete the Destroyer (DsFE)                        Turns: 38463, Time: 01:01:30

Health: -16/74     AC:  6    Str:  9    XL:     12   Next: 40%
Magic:  0/36       EV: 12    Int: 28    God:    Vehumet [****..]
Gold:   800        SH:  4    Dex: 23    Spells: 1/33 levels left

rFire   . . .        o - +8 sling "Zatampis" {drain, Int+2 Dex+2 Stlth-}
rCold   . . .        (no shield)
rNeg    . . .        (no body armour)
rPois   .            r - +1 helmet
rElec   .            d - +0 cloak {rCorr}
rCorr   +            t - +1 pair of gloves
SInv    .            B - +0 pair of boots
Will    .....        i - amulet of regeneration
Stlth   ++++         b - +6 ring of intelligence
HPRegen 1.12/turn    w - ring of magical power
MPRegen 0.50/turn

%: guardian spirit
@: no status effects
A: thin skeletal structure 3, magic shield, magic regeneration, condensation
shield, weakness stinger 2
a: Renounce Religion


You were on level 11 of the Dungeon.
You worshipped Vehumet.
Vehumet was greatly pleased with you.
You visited 4 branches of the dungeon, and saw 16 of its levels.
You also visited: Sewer.

You collected 1577 gold pieces.
You spent 777 gold pieces at shops.

Inventory:

Hand Weapons
 o - the +8 sling "Zatampis" (weapon) {drain, Int+2 Dex+2 Stlth-}
   (You bought it in a shop on level 2 of the Dungeon)

   Int:       It affects your intelligence (+2).
   Dex:       It affects your dexterity (+2).
   Stlth:     It makes you less stealthy.
Armour
 d - a +0 cloak of preservation (worn)
 g - a +2 robe of willpower
 h - a +0 helmet
 r - a +1 helmet (worn)
 t - a +1 pair of gloves (worn)
 B - a +0 pair of boots (worn)
Jewellery
 b - a +6 ring of intelligence (left hand)
 i - an amulet of regeneration (around neck)
 j - a ring of protection from fire
 n - an amulet of reflection
 s - a ring of positive energy
 w - a ring of magical power (right hand)
Wands
 p - a wand of light (23)
 y - a wand of iceblast (27)
 A - a wand of paralysis (8)
 I - a wand of flame (11)
Scrolls
 a - a scroll of identify
 e - 3 scrolls of teleportation
 v - a scroll of noise
 x - 2 scrolls of torment
 z - a scroll of butterflies
 F - 2 scrolls of enchant weapon
 G - a scroll of amnesia
 H - a scroll of brand weapon
Potions
 c - 4 potions of flight
 f - a potion of cancellation
 k - a potion of attraction
 l - 3 potions of resistance
 m - 3 potions of might
 q - a potion of brilliance
 u - a potion of curing
 D - 2 potions of lignification


   Skills:
 - Level 1.7 Dodging
 - Level 1.7 Stealth
 + Level 11.1 Spellcasting
 + Level 11.9 Conjurations
 * Level 4.8 Summonings
 - Level 10.8 Fire Magic


You had one spell level left.
You knew the following spells:

 Your Spells              Type           Power      Damage    Failure   Level
a - Foxfire               Conj/Fire      100%       2x1d9     1%          1
b - Scorch                Fire           100%       2d9       1%          2
c - Volatile Blastmotes   Fire/Tloc      92%        2d17      1%          3
d - Orb of Destruction    Conj           35%        9d10      6%          7
e - Flame Wave            Conj/Fire      68%        2d15      1%          4
f - Summon Guardian Gole  Hex/Summ       29%        N/A       4%          3
g - Inner Flame           Hex/Fire       46%        N/A       1%          3
h - Arcjolt               Conj/Air       24%        1d34      2%          5
i - Summon Lightning Spi  Summ/Air       29%        N/A       13%         4

Your spell library contained the following spells:

 Spells                   Type           Power      Damage    Failure   Level
 Sandblast                Erth           30%        2d9       1%          1
 Summon Small Mammal      Summ           100%       N/A       1%          1
 Apportation              Tloc           30%        N/A       3%          1
 Necrotise                Necr           60%        1d7       3%          1
 Slow                     Hex            60%        N/A       3%          1
 Sting                    Tmut/Pois      60%        1d6       3%          1
 Poisonous Vapours        Pois/Air       30%        N/A       1%          2
 Static Discharge         Conj/Air       98%        2-7/arc   1%          2
 Stone Arrow              Conj/Erth      98%        3d13      1%          3
 Irradiate                Conj/Tmut      24%        3d19      2%          5
 Passwall                 Tmut/Erth      12%        N/A       5%          2
 Airstrike                Air            7%         2d(2-18)  10%         4
 Olgreb's Toxic Radiance  Pois           15%        N/A       10%         4
 Confusing Touch          Hex            15%        N/A       11%         3
 Vampiric Draining        Necr           15%        2d7       11%         3
 Spellforged Servitor     Conj/Summ      29%        N/A       24%         7
 Alistair's Intoxication  Tmut/Pois      10%        N/A       69%         5
 Blade Hands              Tmut           7%         N/A       69%         5
 Borgnjor's Vile Clutch   Necr/Erth      7%         N/A       69%         5
 Eringya's Noxious Bog    Tmut/Pois      7%         N/A       77%         6
 Dragon Form              Tmut           7%         N/A       100%        7


Dungeon Overview and Level Annotations

Branches:
Dungeon (12/15)            Temple (1/1) D:5            Lair (1/5) D:10
    Orc (2/2) D:9             Elf (0/3) Orc:2         Sewer (visited)

Altars:
Ashenzari
Cheibriados
Dithmenos
Fedhas
Gozag
Hepliaklqana
Kikubaaqudgha
Makhleb
Nemelex Xobeh
Okawaru
Qazlal
Ru
Sif Muna
Trog
Uskayaw
Vehumet
Wu Jian
Xom
Yredelemnul

Shops:
D:2 (?(:   D:10 *   Orc:2 (*[!

Annotations:
D:1 1 exclusion
D:9 3 runed translucent doors, sampeng1's ghost, novice MiBe


Innate Abilities, Weirdness & Mutations

You have an unnaturally thin skeletal structure. (Dex +6, Stealth+++)
When hurt, damage is shared between your health and your magic reserves.
You regenerate magic rapidly.
A meltable shield of frost defends you. (SH +4)
You have a tail ending in a sharp stinger.


Message History

The gargoyle hits you with a +0 mace!
Unknown command.
Casting: Arcjolt (dangerous; 2% risk of failure)
Confirm with . or Enter, or press ? or * to list all spells.
Electricity surges outward!
The gargoyle resists.
The gargoyle is struck by an electric surge.
The gargoyle is severely damaged.
The gargoyle hurls a stone arrow at you.
The stone arrow hits you!
Casting: Arcjolt (dangerous; 2% risk of failure)
Confirm with . or Enter, or press ? or * to list all spells.
Electricity surges outward!
The gargoyle resists.
The gargoyle is struck by an electric surge.
The gargoyle is almost destroyed.
The gargoyle hits you but does no damage.
Unknown command.
Casting: Arcjolt (dangerous; 2% risk of failure)
Confirm with . or Enter, or press ? or * to list all spells.
You don't have enough magic to cast this spell.
Unknown command.
Okay, then.
Casting: Arcjolt (dangerous; 2% risk of failure)
Confirm with . or Enter, or press ? or * to list all spells.
Flames lash the gargoyle but do no damage.
The gargoyle barely misses you.
Unknown command.
Casting: Scorch (safe; 1% risk of failure)
Confirm with . or Enter, or press ? or * to list all spells.
You don't have enough magic to cast this spell.
Okay, then.
Okay, then.
The gargoyle attacks as you move away! The gargoyle closely misses you.
The gargoyle hurls a stone arrow at you.
The stone arrow hits you!!
The gargoyle hurls a stone arrow at you.
The stone arrow hits you!!
* * * LOW HITPOINT WARNING * * *
The gargoyle hurls a stone arrow at you.
The stone arrow hits you!!
You die...

.......#................#.##
.......####.............#.#
..........#.............+.#
..........###############.#
##........................#
.#........................###
.#..........................#
.#..........................#
.#.........<9...@...........#
.#...............>..........#
.#........<............######
'#...............|.....#
.........#########.....#
.........# #.....# .##'###.##
#.....# .#....#.# #.....###
##....#.# #.......#


You could see a gargoyle.

Vanquished Creatures
  A two-headed ogre (D:10)
  A tengu warrior (D:11)
  Nergalle (Lair:1)
  5 orc sorcerers
  2 black mambas (Lair:1)
  3 cane toads (Lair:1)
  A komodo dragon (Lair:1)
  A troll (D:10)
  A hornet (Lair:1)
  2 shadows (D:11)
  20 yaks
  A vampire (D:9)
  5 wyverns
  3 basilisks (Lair:1)
  A steam dragon (D:4)
  2 vampire mosquitoes (D:11)
  4 wargs
  5 water moccasins
  14 orc warriors
  2 black bears
  An ice beast (D:8)
  6 wolves (Lair:1)
  2 centaurs (D:9)
  5 ogres (Orc:2)
  2 phantoms
  4 kobold brigands
  4 bullfrogs
  3 gnoll sergeants
  5 wights (D:9)
  3 scorpions
  6 electric eels
  5 howler monkeys
  A jelly (D:7)
  4 hounds
  16 orc priests
  A gnoll bouda (D:3)
  5 iguanas
  34 orc wizards
  A nameless horror (Orc:2)
  20 gnolls
  14 adders
  3 river rats (Sewer)
  A white imp (D:6)
  5 worms
  2 dart slugs
  60 orcs
  8 endoplasms
  4 giant cockroaches
  3 hobgoblins
  3 jackals (Sewer)
  17 kobolds
  4 quokkas
  6 ball pythons
  16 bats
  4 frilled lizards
  5 goblins
  A rat (D:2)
359 creatures vanquished.

Vanquished Creatures (collateral kills)
  10 foxfires
10 creatures vanquished.

Vanquished Creatures (others)
  A boulder beetle (Lair:1)
  An orc sorcerer (Orc:2)
  A komodo dragon (Lair:1)
  A basilisk (Lair:1)
  3 orc warriors (Orc:2)
  An orc wizard (Orc:2)
  1622 foxfires
1630 creatures vanquished.

Grand Total: 1999 creatures vanquished

Notes
Turn   | Place    | Note
-------+----------+-------------------------------------------
     0 | D:1      | Pepete the Demonspawn Fire Elementalist began the quest for
                  | the Orb.
     0 | D:1      | Reached XP level 1. HP: 13/13 MP: 3/3
   480 | D:1      | Found a faded altar of an unknown god.
  1200 | D:1      | Gained mutation: You have a small tail. [demonic ancestry]
  1200 | D:1      | Reached XP level 2. HP: 19/19 MP: 1/5
  1799 | D:1      | Learned a level 2 spell: Scorch
  2275 | D:2      | Found Bocyess's Antique Weapon Emporium.
  2401 | D:2      | Gained mutation: You have a somewhat thin skeletal
                  | structure. (Dex +2, Stealth+) [demonic ancestry]
  2401 | D:2      | Reached XP level 3. HP: 24/24 MP: 2/6
  2563 | D:2      | Found Disil's Book Boutique.
  2681 | D:2      | Found Cuhydd's Magic Scroll Boutique.
  2758 | D:2      | Found Ukoukhoq's Antique Weapon Boutique.
  2766 | D:2      | Bought an iridescent sling for 117 gold pieces
  2766 | D:2      | Identified the +8 sling "Zatampis" {drain, Int+2 Dex+2
                  | Stlth-} (You bought it in a shop on level 2 of the Dungeon)
  4922 | D:4      | Gained mutation: A meltable shield of frost defends you.
                  | (SH +4) [demonic ancestry]
  4922 | D:4      | Reached XP level 4. HP: 30/30 MP: 3/8
  5428 | D:4      | Noticed a phantom
  5433 | D:4      | Killed a phantom
  5434 | D:4      | Gained mutation: You have a moderately thin skeletal
                  | structure. (Dex +4, Stealth++) [demonic ancestry]
  5434 | D:4      | Reached XP level 5. HP: 35/35 MP: 1/10
  6400 | D:4      | Noticed a steam dragon
  6411 | D:4      | Killed a steam dragon
  6412 | D:4      | Reached XP level 6. HP: 10/41 MP: 10/11
  6832 | D:5      | Entered Level 5 of the Dungeon
  6957 | D:5      | Found a glowing drain.
  6993 | Sewer    | Entered a sewer
  7581 | Sewer    | Gained mutation: You have a tail ending in a sharp stinger.
                  | [demonic ancestry]
  7581 | Sewer    | Reached XP level 7. HP: 36/46 MP: 13/13
  8601 | D:5      | Reached skill level 5 in Fire Magic
  9023 | D:5      | Noticed a two-headed ogre
  9043 | D:5      | Found a staircase to the Ecumenical Temple.
  9048 | Temple   | Entered the Ecumenical Temple
  9373 | Temple   | Became a worshipper of Vehumet
  9417 | D:5      | Reached skill level 5 in Spellcasting
  9417 | D:5      | Reached skill level 5 in Conjurations
 10293 | D:5      | Learned a level 3 spell: Volatile Blastmotes
 10432 | D:6      | Gained mutation: You have an unnaturally thin skeletal
                  | structure. (Dex +6, Stealth+++) [demonic ancestry]
 10432 | D:6      | Reached XP level 8. HP: 52/52 MP: 15/15
 12571 | D:7      | Reached * piety under Vehumet
 12571 | D:7      | Offered knowledge of Shock by Vehumet.
 12968 | D:7      | Gained mutation: You regenerate magic rapidly. [demonic
                  | ancestry]
 12968 | D:7      | Reached XP level 9. HP: 57/57 MP: 18/18
 16322 | D:9      | Found a runed translucent gate.
 16322 | D:9      | Found a runed translucent gate.
 16322 | D:9      | Found a runed translucent gate.
 16510 | D:9      | Offered knowledge of Kiss of Death by Vehumet.
 16848 | D:9      | Reached ** piety under Vehumet
 17582 | D:9      | Noticed sampeng1's ghost (novice MiBe)
 17936 | D:9      | Found a staircase to the Orcish Mines.
 18046 | D:9      | Gained mutation: When hurt, damage is shared between your
                  | health and your magic reserves. [demonic ancestry]
 18046 | D:9      | Reached XP level 10. HP: 29/63 MP: 21/21
 18952 | D:9      | Found a snail-covered altar of Cheibriados.
 19058 | D:9      | Offered knowledge of Frozen Ramparts by Vehumet.
 19136 | D:10     | Entered Level 10 of the Dungeon
 19377 | D:10     | Reached *** piety under Vehumet
 20371 | D:10     | Found a staircase to the Lair.
 20419 | D:10     | HP: 2/63 [shot self (20)]
 20694 | D:10     | Noticed a two-headed ogre
 20701 | D:10     | Killed a two-headed ogre
 21279 | D:10     | Found Takhonuy's General Store.
 21301 | D:10     | Bought a potion of heal wounds for 55 gold pieces
 21301 | D:10     | Bought a scroll of fear for 44 gold pieces
 21461 | D:2      | Bought a scroll of poison for 48 gold pieces
 21461 | D:2      | Bought a scroll of teleportation for 36 gold pieces
 21461 | D:2      | Bought a scroll of fog for 48 gold pieces
 21461 | D:2      | Bought a scroll of fear for 48 gold pieces
 21461 | D:2      | Bought a scroll of teleportation for 36 gold pieces
 21461 | D:2      | Bought a scroll of enchant weapon for 90 gold pieces
 21461 | D:2      | Bought a scroll of teleportation for 36 gold pieces
 21461 | D:2      | Bought a scroll of identify for 24 gold pieces
 22037 | D:11     | Reached XP level 11. HP: 61/68 MP: 20/24
 22047 | D:10     | Reached skill level 10 in Conjurations
 22050 | D:10     | Offered knowledge of Ignite Poison by Vehumet.
 22606 | D:11     | Learned a level 7 spell: Orb of Destruction
 23420 | Lair:1   | Entered Level 1 of the Lair of Beasts
 23997 | Lair:1   | Reached skill level 10 in Fire Magic
 24023 | Lair:1   | Noticed a boulder beetle
 24137 | D:12     | Noticed a tengu warrior
 24138 | D:12     | Identified the ring of Tiurphit {rC+ Str+3 Dex+3}
 24138 | D:12     | Noticed a tengu warrior
 24346 | Orc:1    | Entered Level 1 of the Orcish Mines
 25441 | Orc:2    | Entered Level 2 of the Orcish Mines
 27256 | Orc:1    | Reached skill level 10 in Spellcasting
 27263 | Orc:1    | Noticed an orc sorcerer
 27269 | Orc:1    | Killed an orc sorcerer
 27991 | Orc:2    | Learned a level 4 spell: Flame Wave
 27995 | Orc:2    | Learned a level 3 spell: Summon Guardian Golem
 27999 | Orc:2    | Learned a level 3 spell: Inner Flame
 28193 | Orc:2    | Noticed an orc sorcerer
 28200 | Orc:2    | Killed an orc sorcerer
 28475 | Orc:2    | Found a staircase to the Elven Halls.
 29736 | Orc:2    | Noticed an orc sorcerer
 29799 | Orc:2    | Reached **** piety under Vehumet
 29829 | Orc:2    | Killed an orc sorcerer
 29835 | Orc:2    | Offered knowledge of Arcjolt by Vehumet.
 30879 | Orc:2    | Noticed an orc sorcerer
 30892 | Orc:2    | Killed an orc sorcerer
 31625 | Orc:2    | Noticed an orc high priest
 31896 | Orc:2    | Noticed an orc sorcerer
 31896 | Orc:2    | Noticed an orc sorcerer
 31897 | Orc:2    | Noticed a sun demon
 31899 | Orc:2    | Found Omiet's Distillery.
 31899 | Orc:2    | Found Jegaunab's Antique Weapon Shoppe.
 31899 | Orc:2    | Found Hefan's Armour Emporium.
 31899 | Orc:2    | Found Xeij's General Store.
 32424 | Orc:2    | Killed an orc sorcerer
 32805 | Orc:2    | Killed an orc sorcerer
 33332 | Orc:2    | Bought a +0 cloak of preservation for 195 gold pieces
 33575 | D:11     | Killed a tengu warrior
 33576 | D:11     | Reached skill level 1 in Summonings
 33576 | D:11     | Reached XP level 12. HP: 44/74 MP: 11/26
 34237 | D:11     | Learned a level 5 spell: Arcjolt
 34359 | Lair:1   | Killed a boulder beetle
 35007 | Lair:1   | Identified the +1 leather armour "Camyih" {rElec}
 35010 | Lair:1   | Noticed Nergalle
 36043 | Lair:1   | Killed Nergalle
 37105 | Lair:1   | Paralysed by a hornet for 3 turns
 38369 | Lair:1   | Learned a level 4 spell: Summon Lightning Spire
 38463 | D:11     | Killed from afar by a gargoyle

Illustrated notes

Levels and vault maps discovered:
D:1:      lightli_arrival_noodles, layout_loops_ring, serial_glass,
          glass_columns_a, glass_columns_c, glass_columns_c, glass_columns_c,
          glass_columns_b, glass_columns_a,
          dreamdust_ecumenical_altar_hidden_monk_grotto
D:2:      layout_basic, serial_shops, shop, nicolae_shop_behind_doors,
          nicolae_shop_waterfront, shop, minmay_statues_item
D:3:      layout_loops_ring
D:4:      layout_loops_ring, kennysheep_generic_room_13
D:5:      cheibrodos_two_vegetables, layout_loops_ring,
          minmay_temple_entry_slanted, gup_sewer_entry_glass
D:6:      layout_basic
D:7:      layout_basic, chequers_mini_garden
D:8:      layout_basic, nicolae_water_bricks, chequers_big_river
D:9:      layout_roguey, slow_altar_2, hiddenorc1_lemuel, gammafunk_ghost_icy
D:10:     layout_layer_cave, erik_lair_orcish_takeover, serial_shops, shop
D:11:     layout_irregular_city, nicolae_tso_swordbearing_angel
D:12:     layout_small_grid, hex_large, nicolae_ashenzari_skybound, uniq_fannar
Temple:   mainiacjoe_temple_hex_bubbles
Lair:1:   layout_loops_ring, pdpol_lair_cavern_descent, serial_bayou_shore_a,
          grunt_megastairs_4, uniq_nergalle
Orc:1:    layout_diamond_mine
Orc:2:    st_orc_mages, layout_diamond_mine, basic_altar

Skill      XL: |  1  2  3  4  5  6  7  8  9 10 11 12 |
---------------+-------------------------------------+-----
Fire Magic     | 3 4 5 6 8 9 10 | 10.8
Conjurations   | 2 3 4 5 6 8 9 11 | 11.9
Spellcasting   | 3 4 5 6 7 9 10 11 | 11.1
Summonings     | 1 4 |  4.8
Dodging        | |  1.7
Stealth        | |  1.7

Action                     |  1- 3 |  4- 6 |  7- 9 | 10-12 || total
---------------------------+-------+-------+-------+-------++-------
  Melee: Unarmed           |     1 |       |       |       ||     1
         Sling             |       |       |     1 |       ||     1
   Fire: Sling             |     1 |     1 |     1 |       ||     3
   Cast: Foxfire           |    81 |    52 |   310 |   518 ||   961
         Scorch            |     7 |    32 |    82 |   213 ||   334
         Volatile Blastmot |       |       |    46 |    28 ||    74
         Summon Guardian G |       |       |       |    52 ||    52
         Orb of Destructio |       |       |       |     6 ||     6
         Arcjolt           |       |       |       |     5 ||     5
  Evoke: Wand              |       |       |     2 |     1 ||     3
    Use: Scroll            |     3 |     5 |    11 |    24 ||    43
         Potion            |       |     2 |     7 |    13 ||    22
 Armour: Robe              |       |     3 |     6 |    49 ||    58
         Skin              |       |       |       |     9 ||     9
  Dodge: Dodged            |    13 |    15 |    37 |   109 ||   174
  Block: Other             |       |    11 |    15 |    25 ||    51
         Reflection        |       |       |     2 |       ||     2
